 Dungeon Crawl Stone Soup version 0.20.1-1-g8b1a95d (webtiles) character file.

1900 ReteAZ the Chopper (level 9, -2/57 HPs)
             Began as a Gargoyle Fighter on July 30, 2017.
             Was a Follower of Okawaru.
             Slain by a two-headed ogre
             ... wielding a +0 giant club
              (9 damage)
             ... on level 7 of the Dungeon.
             The game lasted 00:16:54 (5472 turns).

ReteAZ the Chopper (Gargoyle Fighter)               Turns: 5472, Time: 00:16:55

Health: -2/57      AC: 13    Str: 19    XL:     9   Next: 15%
Magic:  10/10      EV:  9    Int: 12    God:    Okawaru [*.....]
Gold:   87         SH: 13    Dex: 10    Spells: 8/8 levels left

rFire    + . .     SeeInvis .   a - +0 war axe
rCold    . . .     Gourm    .   c - +0 shield
rNeg     + . .     Faith    .   v - +2 leather armour {rF+}
rPois    ∞         Spirit   .   I - +0 helmet
rElec    +         Reflect  +   F - +0 cloak {rPois}
rCorr    .         Harm     .   (no gloves)
MR       .....                  (no boots)
Stlth    ++........             j - +4 amulet of reflection
Regen    0.2/turn               (no ring)
MPRegen  0.2/turn               B - ring of stealth

@: no status effects
A: negative energy resistance 1, electricity resistance, unbreathing,
petrification resistance, rot immunity, AC +5
a: Heroism, Renounce Religion


You were on level 7 of the Dungeon.
You worshipped Okawaru.
Okawaru was aware of your devotion.
You were hungry.

You visited 1 branch of the dungeon, and saw 7 of its levels.

You collected 266 gold pieces.
You spent 179 gold pieces at shops.

Inventory:

Hand Weapons
 a - a +0 war axe (weapon)
 t - a +1 halberd of venom
Missiles
 x - 43 stones (quivered)
 E - 5 tomahawks
Armour
 b - a +0 scale mail
 c - a +0 shield (worn)
 v - a +2 leather armour of fire resistance (worn)
 F - a +0 cloak of poison resistance (worn)
 I - a +0 helmet (worn)
Jewellery
 j - a +4 amulet of reflection (around neck)
 o - a cursed ring of teleportation {unknown}
 u - an uncursed ring of wizardry
 B - a ring of stealth (right hand)
 H - an uncursed ring of fire
 J - an uncursed ring of see invisible
Scrolls
 h - 4 scrolls of identify
 l - 2 scrolls of fog
 m - 3 scrolls of teleportation
 p - 3 scrolls of remove curse
 w - 2 scrolls of enchant armour {unknown}
 y - a scroll of blinking {unknown}
 A - a scroll of magic mapping {unknown}
 C - a scroll of enchant weapon {unknown}
 D - 2 scrolls of amnesia {unknown}
 L - a scroll of recharging {unknown}
Potions
 d - a potion of might
 e - 2 potions of heal wounds {unknown}
 i - a potion of flight
 k - 2 potions of cancellation {unknown}
 q - a potion of ambrosia {unknown}
 s - 3 potions of curing {unknown}
 z - 3 potions of brilliance {unknown}
 G - a potion of haste {unknown}
 K - a potion of agility {unknown}
 N - a potion of mutation {unknown}
 O - 2 potions of lignification {unknown}
Books
 M - a book of Debilitation

   Spells                             Type                      Level
   a - Corona                         Hexes                        1
   b - Slow                           Hexes                        2
   c - Inner Flame                    Hexes/Fire                   3
   d - Portal Projectile              Hexes/Translocation          3
   e - Cause Fear                     Hexes                        4
   f - Leda's Liquefaction            Hexes/Earth                  4
Comestibles
 f - 6 bread rations
 g - 3 meat rations
 n - 3 royal jellies
 r - 6 fruits


   Skills:
 + Level 7.2 Fighting
 * Level 7.8 Axes
 - Level 5.0 Armour
 - Level 5.1 Shields
 + Level 2.3 Invocations


You had 8 spell levels left.
You didn't know any spells.

Dungeon Overview and Level Annotations

Branches:
Dungeon (7/15)
 Temple: D:4-7

Altars:
Cheibriados
Elyvilon
Gozag
Hepliaklqana
Kikubaaqudgha
Okawaru
Qazlal

Shops:
D:5 [   D:7 [


Innate Abilities, Weirdness & Mutations

You are resistant to torment.
Your stone body is resilient. (AC +5)
You are immune to poison.
You resist negative energy. (rN+)
You are resistant to electric shocks. (rElec)
You can survive without breathing.
You are immune to petrification.
You are immune to rotting.


Message History

The two-headed ogre hits you with a giant club!
* * * LOW HITPOINT WARNING * * *
The two-headed ogre hits you but does no damage.
Your shield prevents you from hitting the two-headed ogre.
The two-headed ogre is almost dead.
You block the two-headed ogre's attack. x2
Unknown command.
You hit the two-headed ogre but do no damage.
The two-headed ogre is almost dead.
The two-headed ogre barely misses you. x2
You hit the two-headed ogre.
The two-headed ogre is almost dead.
The two-headed ogre hits you with a giant club!
* * * LOW HITPOINT WARNING * * *
The two-headed ogre hits you but does no damage.
You hit the two-headed ogre but do no damage.
The two-headed ogre is almost dead.
You block the two-headed ogre's attack.
The two-headed ogre hits you with a giant club!
You die...

≈≈≈ .. ≈≈≈. ..
≈≈≈.####.##
≈≈≈.......##
≈≈..?......#
...(......(##
......)O....#..
#.)@......#
#.)))....#..
...=.##.∩..##
...# ##...# #.
#..# # ..# ...
....


You could see a two-headed ogre.

Vanquished Creatures
  The ghost of SlightEye the Scratcher, an amateur FeBe of Makhleb (D:5)
  The ghost of W0nk042 the Conjurer, an amateur DrCj (D:3)
  2 sky beasts
  A phantom (D:5)
  An ogre (D:5)
  2 centaurs (D:6)
  A big kobold (D:7)
  A bullfrog (D:6)
  A wyvern zombie (D:6)
  A scorpion (D:6)
  A killer bee (D:6)
  2 howler monkeys
  3 crimson imps
  A jelly (D:5)
  A hound (D:6)
  6 orc priests
  2 orc wizards
  2 iguanas
  A worker ant (D:5)
  6 gnolls
  7 adders
  A shadow imp (D:6)
  3 oozes
  4 worms
  3 dart slugs
  7 leopard geckos
  14 orcs
  8 bats
  3 giant cockroaches
  6 goblins
  7 hobgoblins
  10 jackals
  12 kobolds
  2 quokkas
  5 ball pythons
  5 frilled lizards
  7 rats
141 creatures vanquished.

Vanquished Creatures (others)
  A kobold (D:7)
1 creature vanquished.

Grand Total: 142 creatures vanquished

Notes
Turn   | Place    | Note
-------+----------+-------------------------------------------
     0 | D:1      | ReteAZ the Gargoyle Fighter began the quest for the Orb.
     0 | D:1      | Reached XP level 1. HP: 14/14 MP: 1/1
   202 | D:1      | Reached XP level 2. HP: 19/19 MP: 2/2
   616 | D:2      | Reached XP level 3. HP: 14/23 MP: 3/3
   915 | D:2      | Reached XP level 4. HP: 26/29 MP: 4/4
  1140 | D:3      | Found an ancient bone altar of Kikubaaqudgha.
  1342 | D:3      | Reached XP level 5. HP: 33/34 MP: 5/5
  1356 | D:3      | Noticed W0nk042's ghost (amateur DrCj)
  1694 | D:3      | Killed W0nk042's ghost
  1694 | D:3      | Reached skill level 5 in Fighting
  1694 | D:3      | Reached XP level 6. HP: 12/40 MP: 6/6
  2314 | D:3      | Reached skill level 5 in Axes
  2618 | D:3      | Reached XP level 7. HP: 44/44 MP: 7/7
  3272 | D:5      | Entered Level 5 of the Dungeon
  3415 | D:5      | Noticed SlightEye's ghost (amateur FeBe)
  3633 | D:5      | Found an opulent altar of Gozag.
  3722 | D:5      | Found Evas's Antique Armour Boutique.
  3736 | D:5      | Killed SlightEye's ghost
  3736 | D:5      | Reached XP level 8. HP: 30/51 MP: 8/8
  3866 | D:5      | Bought a glowing cloak for 112 gold pieces
  3866 | D:5      | Bought a helmet for 67 gold pieces
  4015 | D:5      | Found an iron altar of Okawaru.
  4027 | D:5      | Became a worshipper of Warmaster Okawaru
  4778 | D:6      | Noticed an eight-headed hydra
  4862 | D:6      | Found a snail-covered altar of Cheibriados.
  4911 | D:6      | Reached skill level 5 in Shields
  4978 | D:6      | Reached * piety under Okawaru
  4978 | D:6      | Reached skill level 5 in Armour
  5152 | D:6      | Reached skill level 1 in Invocations
  5198 | D:6      | Reached XP level 9. HP: 57/57 MP: 8/10
  5302 | D:6      | Found an iron altar of Okawaru.
  5304 | D:6      | Found a hazy altar of Hepliaklqana.
  5304 | D:6      | Found a white marble altar of Elyvilon.
  5305 | D:6      | Found a stormy altar of Qazlal.
  5452 | D:7      | Found Kottihiam's Armour Shop.
  5452 | D:7      | Noticed a two-headed ogre
  5472 | D:7      | Slain by a two-headed ogre

Skill      XL: |  1  2  3  4  5  6  7  8  9 |
---------------+----------------------------+-----
Axes           | 2 3 4 5 6 7 |  7.8
Fighting       | 4 5 6 7 |  7.2
Shields        | 4 5 |  5.1
Armour         | 4 5 |  5.0
Invocations    | 1 2 |  2.3

Action                   |  1- 3 |  4- 6 |  7- 9 || total
-------------------------+-------+-------+-------++-------
Melee: War axe           |   113 |   168 |   283 ||   564
Throw: Stone             |       |     5 |     3 ||     8
Invok: Heroism           |       |       |     2 ||     2
  Use: Scroll            |       |     2 |     6 ||     8
 Stab: Sleeping          |       |       |     1 ||     1
  Eat: Chunk             |       |     5 |    10 ||    15
Armor: Scale mail        |    38 |    76 |    88 ||   202
       Leather armour    |       |       |    17 ||    17
Dodge: Dodged            |    36 |    49 |    84 ||   169
Block: Shield            |    79 |   140 |   211 ||   430
       Reflection        |     1 |     8 |     6 ||    15
